 Dungeon Crawl Stone Soup version 0.21.1-1-g345015fe64 (webtiles) character file.

1303 KleinerIrrer the Cleaver (level 8, -6/49 HPs)
             Began as a Gargoyle Fighter on Apr 4, 2018.
             Mangled by KleinerIrrer's ghost (11 damage)
             ... on level 6 of the Dungeon.
             The game lasted 00:01:36 (6294 turns).

KleinerIrrer the Cleaver (Gargoyle Fighter)         Turns: 6294, Time: 00:01:37

Health: -6/49      AC: 15    Str: 22    XL:     8   Next: 57%
Magic:  8/8        EV:  8    Int:  9    God:
Gold:   308        SH: 10    Dex:  9    Spells: 7/7 levels left

rFire    . . .     SeeInvis .   Y - +0 war axe
rCold    . . .     Gourm    .   c - +0 shield
rNeg     + . .     Faith    .   b - +0 scale mail
rPois    ∞         Spirit   .   (no helmet)
rElec    +         Reflect  .   (no cloak)
rCorr    .         Harm     .   g - +1 pair of gloves
MR       .....                  n - +0 pair of boots
Stlth    ..........             (no amulet)
HPRegen  0.16/turn              (no ring)
MPRegen  0.11/turn              (no ring)

@: about to teleport
A: negative energy resistance 1, electricity resistance, unbreathing,
petrification resistance, rot immunity, AC +5
a: no special abilities


You were on level 6 of the Dungeon.
You were hungry.

You visited 2 branches of the dungeon, and saw 7 of its levels.

You collected 308 gold pieces.


Innate Abilities, Weirdness & Mutations

You are resistant to torment.
Your stone body is resilient. (AC +5)
You are immune to poison.
You resist negative energy. (rN+)
You are resistant to electric shocks. (rElec)
You can survive without breathing.
You are immune to petrification.
You are immune to rotting.


   Skills:
 + Level 5.2 Fighting
 - Level 8.0 Axes
 - Level 3.2 Armour
 - Level 1.0 Dodging
 - Level 5.0 Shields


You had 7 spell levels left.
You didn't know any spells.

Inventory:

Hand Weapons
 f - a +1 flail of protection
 Y - a +0 war axe (weapon)
Armour
 b - a +0 scale mail (worn)
 c - a +0 shield (worn)
 g - a +1 pair of gloves (worn)
 l - a +0 chain mail
 n - a +0 pair of boots (worn)
Wands
 a - a wand of iceblast (7)
Scrolls
 h - a scroll of remove curse
Potions
 d - 3 potions of might
 j - a potion of brilliance {unknown}
 k - 2 potions of curing
 m - a potion of resistance {unknown}
 o - a potion of lignification {unknown}
 p - a potion of ambrosia {unknown}
Comestibles
 e - 8 rations

Dungeon Overview and Level Annotations

Branches:
Dungeon (6/15)             Temple (1/1) D:6

Altars:
Ashenzari
Cheibriados
Dithmenos
Elyvilon
Fedhas
Gozag
Hepliaklqana
Kikubaaqudgha
Nemelex Xobeh
Qazlal
Ru
Sif Muna
Trog
Vehumet
Wu Jian
Xom
Yredelemnul
Zin
The Shining One

Annotations:
D:6 KleinerIrrer's ghost, novice GrFi


Message History

You barely miss KleinerIrrer's ghost. You block the orc warrior's attack.
KleinerIrrer's ghost hits you but does no damage.
You barely miss KleinerIrrer's ghost.
The orc warrior hits you from afar with a halberd.
KleinerIrrer's ghost hits you!
You hit KleinerIrrer's ghost but do no damage.
The orc warrior hits you from afar with a halberd!
You block KleinerIrrer's ghost's attack.
6292 ||| READING scroll of teleportation.
As you read the scroll of teleportation, it crumbles to dust.
You feel strangely unstable.
You block KleinerIrrer's ghost's attack.
You block the orc warrior's attack.
You closely miss KleinerIrrer's ghost.
You block KleinerIrrer's ghost's attack.
You block the orc warrior's attack.
Your scale mail prevents you from hitting KleinerIrrer's ghost.
KleinerIrrer's ghost hits you!
You die...

.#....# #[...>...... ####..#
#)######.......# # #..# #.#
##.......# ####).### #.#
#........# ##......## #.#
##........#
##.####..###.####.........# #..#
##.....##....#.P...# #.##
###..#.o......P...## ..######
#....##@...PP>...###
.......####.#.##W...PP..P...#
######..###.#.........P..##.#####
# ##...#.#..........####..##.. #
###......##......# ##))#..
###.#...#...?..# ##.[..
.....#........########..
.......###......<......<..
#.......# #......########..


You could see an orc warrior and KleinerIrrer's ghost.

Vanquished Creatures
  Sigmund (D:3)
  A necrophage (D:5)
  3 ogres
  A bullfrog (D:6)
  2 scorpions (D:5)
  A howler monkey (D:6)
  A crimson imp (D:5)
  A quasit (D:5)
  A bullfrog skeleton (D:4)
  2 orc priests
  An iguana (D:6)
  2 orc wizards (D:6)
  6 worker ants
  A hound skeleton (D:5)
  8 adders
  4 gnolls
  3 oozes
  2 worms
  A dart slug (D:1)
  7 leopard geckos
  24 orcs
  2 bats
  6 giant cockroaches
  10 goblins
  4 hobgoblins
  A jackal (D:3)
  A ball python (D:4)
  A ball python zombie (D:4)
  8 frilled lizards
  11 kobolds
  7 rats
124 creatures vanquished.

Vanquished Creatures (others)
  A plant (D:4)
1 creature vanquished.

Grand Total: 125 creatures vanquished

Notes
Turn   | Place    | Note
-------+----------+-------------------------------------------
     0 | D:1      | KleinerIrrer the Gargoyle Fighter began the quest for the Orb.
     0 | D:1      | Reached XP level 1. HP: 14/14 MP: 1/1
     0 | D:1      | 0 ||| counter = 29
    41 | D:1      | Reached skill level 2 in Axes
   120 | D:1      | Reached XP level 2. HP: 19/19 MP: 2/2
   321 | D:1      | Reached skill level 3 in Axes
   343 | D:1      | Reached XP level 3. HP: 23/23 MP: 3/3
   511 | D:1      | 511 ||| DROPPING club.
   524 | D:1      | 524 ||| UPGRADING to pair of gloves.
   529 | D:1      | 529 ||| READING scroll labeled OSHOV FEGIDDY.
   530 | D:1      | 530 ||| READING scroll labeled VOONTERIBE.
   531 | D:1      | 531 ||| READING scroll labeled KAMETHREYJE.
   532 | D:1      | 532 ||| READING scroll labeled DORANY EPHUW.
   802 | D:2      | 802 ||| READING scroll of enchant armour.
   802 | D:2      | 802 ||| ENCHANTING cursed +0 pair of gloves.
   953 | D:2      | Reached XP level 4. HP: 25/28 MP: 4/4
   958 | D:2      | Reached skill level 4 in Axes
   982 | D:2      | 982 ||| STAIRDANCE
  1099 | D:1      | 1099 ||| READING scroll labeled MOHIJUSHR WAIZXOA.
  1100 | D:1      | 1100 ||| READING scroll of identify.
  1100 | D:1      | 1100 ||| IDENTIFYING glowing pearl amulet
  1101 | D:1      | 1101 ||| DROPPING cursed amulet of inaccuracy.
  1104 | D:2      | 1104 ||| STAIRDANCE
  1126 | D:2      | 1126 ||| STAIRDANCE
  1604 | D:3      | 1604 ||| STAIRDANCE
  1767 | D:3      | Found a hazy altar of Hepliaklqana.
  1789 | D:3      | Reached XP level 5. HP: 30/32 MP: 5/5
  1964 | D:3      | Reached skill level 5 in Axes
  2161 | D:3      | Noticed Sigmund
  2175 | D:3      | Killed Sigmund
  2175 | D:3      | Reached XP level 6. HP: 25/40 MP: 6/6
  2470 | D:3      | 2470 ||| DROPPING whip.
  2565 | D:3      | 2565 ||| READING scroll labeled XUYNIB SUZUFEOV.
  2569 | D:3      | 2569 ||| READING scroll labeled DUUBBE HIZXOMA.
  2570 | D:3      | 2570 ||| DRINKING 2 glowing inky potions.
  2571 | D:3      | 2571 ||| DROPPING potion of flight.
  2590 | D:4      | 2590 ||| STAIRDANCE
  2797 | D:4      | HP: 9/40 [ogre/giant club (14)]
  2800 | D:4      | Reached XP level 7. HP: 10/44 MP: 7/7
  3034 | D:4      | 3034 ||| EATING 7 rations.
  3207 | D:4      | Reached skill level 1 in Dodging
  3306 | D:4      | Found an opulent altar of Gozag.
  3388 | D:4      | Found a radiant altar of Vehumet.
  3508 | D:4      | HP: 10/44 [ogre/giant club (21)]
  3559 | D:4      | 3559 ||| STAIRDANCE
  3750 | D:3      | 3750 ||| UPGRADING to pair of boots.
  3755 | D:3      | 3755 ||| READING scroll labeled ACERPH EGRIDUNG.
  3756 | D:3      | 3756 ||| READING scroll labeled TAQEQOBELE.
  3757 | D:3      | 3757 ||| READING scroll of identify.
  3757 | D:3      | 3757 ||| IDENTIFYING knobbly gilded ring
  3758 | D:3      | 3758 ||| DROPPING ring of stealth.
  4326 | D:4      | 4326 ||| EATING 8 rations.
  4371 | D:5      | Entered Level 5 of the Dungeon
  4545 | D:5      | Reached skill level 6 in Axes
  4858 | D:5      | Reached XP level 8. HP: 49/49 MP: 8/8
  4899 | D:5      | Reached skill level 7 in Axes
  5126 | D:5      | 5126 ||| READING scroll labeled IWUITS RYETH.
  5127 | D:5      | 5127 ||| DRINKING 3 fizzy cyan potions.
  5128 | D:5      | 5128 ||| READING scroll of identify.
  5128 | D:5      | 5128 ||| IDENTIFYING small brass amulet
  5129 | D:5      | 5129 ||| DROPPING amulet of harm.
  5376 | D:6      | 5376 ||| EATING 7 rations.
  5387 | D:6      | 5387 ||| DROPPING flail.
  5392 | D:6      | Found a staircase to the Ecumenical Temple.
  5399 | Temple   | Entered the Ecumenical Temple
  5400 | Temple   | 5400 ||| Entered T.
  5578 | D:6      | 5578 ||| UPGRADING to flail of protection.
  5579 | D:6      | 5579 ||| SWAPPING to +0 war axe.
  5824 | D:6      | HP: 4/49 [orc warrior/halberd (16)]
  5825 | D:6      | 5825 ||| READING 3 scrolls of teleportation.
  5867 | D:6      | 5867 ||| READING 2 scrolls of teleportation.
  5869 | D:6      | HP: 2/49 [orc priest/divine providence (9)]
  6278 | D:6      | Reached skill level 8 in Axes
  6287 | D:6      | Noticed KleinerIrrer's ghost (novice GrFi)
  6291 | D:6      | HP: 5/49 [orc warrior/halberd (11)]
  6292 | D:6      | 6292 ||| READING scroll of teleportation.
  6294 | D:6      | Mangled by KleinerIrrer's ghost

Vault maps used:
D:1:      minmay_arrival_doors, hangedman_abyss_or_decor_lesser_grid
D:2:      minivault_24
D:3:      overflow_temple_1_default, first_ration, uniq_sigmund
D:4:      vehumet_statue, grunt_gozag_breadcrumbs, saegor_snake_ambush
D:6:      minmay_temple_entry_overgrown
Temple:   regret_index_temple_sphere_string

Skill      XL: |  1  2  3  4  5  6  7  8 |
---------------+-------------------------+-----
Axes           | 2 3 4 5 6 8 |  8.0
Fighting       | 5 |  5.2
Shields        | 4 5 |  5.0
Dodging        | 1 |  1.0
Armour         | |  3.2

Action                   |  1- 3 |  4- 6 |  7- 9 || total
-------------------------+-------+-------+-------++-------
Melee: War axe           |   118 |   146 |   253 ||   517
Throw: Tomahawk          |       |       |     4 ||     4
  Use: Scroll            |     5 |     4 |     8 ||    17
       Potion            |       |     1 |     1 ||     2
  Eat: Chunk             |       |     6 |     1 ||     7
       Ration            |       |       |     3 ||     3
Armor: Scale mail        |    64 |    61 |   119 ||   244
Dodge: Dodged            |    41 |    43 |    71 ||   155
Block: Shield            |    54 |    53 |   138 ||   245

Table legend:
 A = Spawn XP
 B = Non-spawn XP
 C = Spawn XP percentage of total XP
 D = Spawn monster count
 E = Non-spawn monster count
 F = Spawn count percentage of total count
 G = Total turns spent on level
                    A         B        C        D         E        F      G
               +---------+---------+-------+---------+---------+-------+---------
         Total |       0 |    1862 |   0.0 |       0 |     124 |   0.0 |  6294
               +---------+---------+-------+---------+---------+-------+---------
           D:1 |       0 |      67 |   0.0 |       0 |      27 |   0.0 |   753
           D:2 |       0 |      72 |   0.0 |       0 |      15 |   0.0 |   859
           D:3 |       0 |     324 |   0.0 |       0 |      26 |   0.0 |  1231
           D:4 |       0 |     439 |   0.0 |       0 |      20 |   0.0 |  1528
           D:5 |       0 |     493 |   0.0 |       0 |      18 |   0.0 |   779
           D:6 |       0 |     467 |   0.0 |       0 |      18 |   0.0 |   985
               +---------+---------+-------+---------+---------+-------+---------
